 Dungeon Crawl Stone Soup version 0.32-a0-391-gce5c0aab1b (webtiles) character file.

Game seed: 6286667501289948977

365 RepHenryClay the Chopper (level 6, -2/41 (44) HPs)
             Began as a Coglin Gladiator on Feb 20, 2024.
             Slain by a wight
             ... wielding a +3 long sword of freezing
              (6 damage)
             ... on level 3 of the Dungeon.
             The game lasted 00:06:35 (2138 turns).

RepHenryClay the Chopper (Coglin Gladiator)         Turns: 2138, Time: 00:06:36

HP:   -2/41 (44)    AC: 11    Str: 14 (17) XL:     6   Next: 68%
MP:   6/6           EV:  7    Int:  5 (7)  God:
Gold: 70            SH:  0    Dex: 12 (15) Spells: 5/5 levels left

rFire   . . .        a - +0 war axe {Huemac}
rCold   . . .        b - +0 trident (venom) {Beli-Ashared}
rNeg    . . .        x - +0 chain mail
rPois   .            c - +0 helmet
rElec   .            (no cloak)
rCorr   .            (no gloves)
SInv    .            g - +0 pair of boots
Will    .....        l - amulet of regeneration Stlth
                     (no ring)
HPRegen 1.06/turn    (no ring)
MPRegen 0.10/turn

%: no passive effects
@: attractive, drained, stiff-legged, very slow
A: off-hand wielding, slow wielding, warmup strikes, warmup strides
a: no special abilities


You were on level 3 of the Dungeon.
You visited 1 branch of the dungeon, and saw 4 of its levels.

You collected 70 gold pieces.

Inventory:

Hand Weapons
 a - a +0 war axe (weapon) {Huemac}
 b - a +0 trident of venom (worn) {Beli-Ashared}
Missiles
 d - 3 throwing nets (quivered)
 e - a javelin
Armour
 c - a +0 helmet (worn)
 g - a +0 pair of boots (worn)
 m - a +0 plate armour
 x - a +0 chain mail (worn)
Jewellery
 l - an amulet of regeneration (around neck)
Wands
 u - a wand of mindburst (4)
 w - a wand of flame (13)
Scrolls
 h - 4 scrolls of immolation {unknown}
 i - 4 scrolls of teleportation {unknown}
 r - 3 scrolls of identify {unknown}
 s - a scroll of revelation {unknown}
 v - a scroll of summoning {unknown}
Potions
 f - 2 potions of attraction
 j - a potion of degeneration
 k - a potion of invisibility {unknown}
 n - 6 potions of curing {unknown}
 o - 2 potions of mutation {unknown}
 p - 2 potions of ambrosia {unknown}
 q - a potion of haste {unknown}
 t - 2 potions of might {unknown}


   Skills:
 - Level 2.0 Fighting
 + Level 5.5 Axes
 - Level 1.7 Throwing
 + Level 4.0 Armour
 - Level 2.6 Dodging


You had 5 spell levels left.
You didn't know any spells.
Your spell library contained the following spells:

 Spells                   Type           Power      Damage    Failure   Level
 Summon Small Mammal      Summ           0%         N/A       100%        1
 Call Canine Familiar     Summ           0%         N/A       100%        3
 Summon Blazeheart Golem  Fire/Summ      0%         N/A       100%        4


Dungeon Overview and Level Annotations

Branches:
Dungeon (4/15)
 Temple: D:4-7

Altars:
Cheibriados
Qazlal
Ru
Yredelemnul

Shops:
D:2 ?


Innate Abilities, Weirdness & Mutations

You can wield a second weapon in your off-hand.
It takes a long time for you to wield or remove held weapons.
Your first few attacks do less damage.
Your first movements take longer.


Message History

The wight barely misses you.
You hit the wight with your +0 war axe.
The wight is moderately damaged.
You closely miss the wight with your +0 trident of venom.
The wight hits you but does no damage.
Okay, then.
You barely miss the wight with your +0 war axe.
The wight is moderately damaged.
You hit the wight but do no damage. The wight hits you but does no damage.
The wight hits you with a +3 long sword of freezing!
* * * LOW HITPOINT WARNING * * *
The wight freezes you.
* * * LOW HITPOINT WARNING * * *
Huge Dmg: -33%(-14hp) hp: 21%(9hp) Welcome back, RepHenryClay the Coglin Gladiator.
Press ? for a list of commands and other information.
There is a stone staircase leading up here.
The wight hits you with a +3 long sword of freezing.
* * * LOW HITPOINT WARNING * * *
You feel drained. The wight freezes you.
* * * LOW HITPOINT WARNING * * *
You climb upwards.
There is a stone staircase leading down here.
Huge Dmg: -13%(-5hp) hp: 27%(11hp) Welcome back, RepHenryClay the Coglin Gladiator.
Press ? for a list of commands and other information.
It was a potion of attraction.
You feel attractive to monsters.
The wight hits you with a +3 long sword of freezing.
* * * LOW HITPOINT WARNING * * *
The wight freezes you.
* * * LOW HITPOINT WARNING * * *
Huge Dmg: -19%(-8hp) hp: 8%(3hp) Welcome back, RepHenryClay the Coglin Gladiator.
Press ? for a list of commands and other information.
It was a potion of degeneration.
There was something very wrong with that liquid.
You feel weakened.
You feel dopey.
You feel clumsy.
The wight hits you with a +3 long sword of freezing.
You die...

##.#####.>### #......#.###.
#......#..########.###..#)# #.
#######..#.....÷....# #.##.# #.
##.........<##.#########.##.# #.
####..#######.###...........#..# #.
.....## #.# ##............## #.
###### #.####..........### #.
#...###.#.####.## #. ###.z@....#
#..# #. ####..##..## #.## ##.
#....###.## #.# #.~ ##.##..#..#
##.# #~≈ #..###...#####..# #~≈
###########.#####..###...########~≈
.................÷................†
##########.######......############
#..# ####.#..<....## ##


You could see a wight.

Vanquished Creatures
  2 wights (D:4)
  An iguana (D:4)
  2 orc wizards (D:4)
  7 adders
  5 dart slugs
  2 ribbon worms (D:3)
  5 orcs (D:4)
  6 ball pythons
  6 bats
  6 endoplasms
  4 giant cockroaches
  6 goblins
  A hobgoblin (D:2)
  2 kobolds
  3 quokkas
  3 frilled lizards
  6 rats
67 creatures vanquished.

Notes
Turn   | Place    | Note
-------+----------+-------------------------------------------
     0 | D:1      | RepHenryClay the Coglin Gladiator began the quest for the
                  | Orb.
     0 | D:1      | Reached XP level 1. HP: 16/16 MP: 1/1
   116 | D:1      | Reached XP level 2. HP: 22/22 MP: 2/2
   129 | D:1      | Reached skill level 1 in Armour
   246 | D:1      | Reached XP level 3. HP: 27/27 MP: 3/3
   797 | D:2      | Found Myawodwetz's Magic Scroll Shoppe.
   862 | D:2      | Reached skill level 4 in Axes
   862 | D:2      | Reached XP level 4. HP: 33/33 MP: 4/4
  1339 | D:3      | Found a stormy altar of Qazlal.
  1366 | D:3      | Found a sacrificial altar of Ru.
  1396 | D:3      | Reached XP level 5. HP: 27/38 MP: 5/5
  1521 | D:3      | Found a basalt altar of Yredelemnul.
  1763 | D:3      | Found a snail-covered altar of Cheibriados.
  2095 | D:4      | Reached skill level 5 in Axes
  2098 | D:4      | Reached XP level 6. HP: 44/44 MP: 6/6
  2138 | D:3      | Slain by a wight

Illustrated notes

Levels and vault maps discovered:
D:1:      onia_arrival_pentagram, layout_loops_ring
D:2:      layout_rooms, serial_shops, nicolae_shop_tiny_waterfront,
          kennysheep_nondescript, serial_bayou_pond_c
D:3:      layout_rooms, kennysheep_slug_shrine, mainiacjoe_overflow_alcove_4,
          nicolae_ru_sacrificial_ziggurat, nicolae_qazlal_scattered_showers
D:4:      black_bear_nest_1, layout_cave_pools, uniq_edmund

Skill      XL: |  1  2  3  4  5  6 |
---------------+-------------------+-----
Armour         | 1 2 3 4 |  4.0
Axes           | 4 5 |  5.5
Fighting       | |  2.0
Throwing       | |  1.7
Dodging        | |  2.6

Action                     |  1- 3 |  4- 6 || total
---------------------------+-------+-------++-------
  Melee: War axe           |    55 |   157 ||   212
         Trident           |       |    25 ||    25
    Use: Potion            |       |     2 ||     2
   Stab: Sleeping          |     2 |       ||     2
         Distracted        |     1 |       ||     1
 Armour: Leather armour    |    14 |       ||    14
         Ring mail         |    22 |    89 ||   111
         Chain mail        |       |    27 ||    27
  Dodge: Dodged            |    52 |    97 ||   149

Table legend: (Time is in decaauts)
 A = Elapsed time spent in this place.
 B = Non-inter-level travel time spent in this place.
 C = Inter-level travel time spent in this place.
 D = Time resting spent in this place.
 E = Time spent auto-exploring this place.
 F = Levels seen in this place.
 G = Mean time per level.
                   A        B        C        D        E       F      G
               +--------+--------+--------+--------+--------+-----+--------+
         Total |   2312 |   2131 |    181 |      2 |   1423 |   4 |  578.0 |
       Dungeon |   2312 |   2131 |    181 |      2 |   1423 |   4 |  578.0 |
               +--------+--------+--------+--------+--------+-----+--------+

Top non-repeatable levels by time:
     D:1: 820 daAuts
     D:3: 742 daAuts
     D:2: 495 daAuts
     D:4: 254 daAuts
